| TOP OF THE 1ST |
|
Mahoning Valley Scrappers batting - Pitching for Staten Island Yankees : RHP Jake Bryant
|
|
Pitching: RHP Jake Bryant
|
|
|
Batting: RHB Aaron Stout
|
0-0: Ball 1-0: Ball 2-0: Ball 3-0: Called Strike 3-1: Foul Ball, location: 2F 3-2: Foul Ball, location: 2F 3-2: Base on Balls
|
|
Batting: RHB Jose Argueta
|
0-0: Ball 1-0: Foul Ball, location: 2F 1-1: Swinging Strike 1-2: Ball 2-2: Strikes out swinging
|
|
Batting: RHB John Shaffer
|
0-0: Ball 1-0: Ball 2-0: Ball 3-0: Base on Balls Aaron Stout to second
|
|
Batting: LHB Matt Steinke
|
0-0: Ball 1-0: Called Strike 1-1: Swinging Strike 1-2: Ball 2-2: Foul Ball, location: 2F 2-2: Ball 3-2: Grounds out, U3 (Groundball, 3L, EV 103.1 MPH) Aaron Stout to third
|
|
Batting: LHB Dave Key
|
0-0: Ball 1-0: Called Strike 1-1: Reached on error, E6 (Groundball, 56, EV 85.6 MPH) Aaron Stout scores John Shaffer to third
|
|
Batting: RHB Nick Gossman
|
0-0: Called Strike 0-1: Foul Ball, location: 2F 0-2: Strikes out swinging
|
| Top of the 1st over - 1 run, 0 hits, 1 error, 2 left on base; Mahoning Valley 1 - Staten Island 0 |
| BOTTOM OF THE 1ST |
|
Staten Island Yankees batting - Pitching for Mahoning Valley Scrappers : RHP Josh Hughes
|
|
Pitching: RHP Josh Hughes
|
|
|
Batting: RHB Ben Jennings
|
0-0: Ball 1-0: Foul Ball, location: 2F 1-1: Foul Ball, location: 2F 1-2: Fly out, F4 (Flyball, 34D, EV 90.6 MPH)
|
|
Batting: LHB Dario Segura
|
0-0: Called Strike 0-1: Ball 1-1: Ball 2-1: Swinging Strike 2-2: SINGLE (Groundball, 56D, EV 95.0 MPH)
|
|
Batting: RHB Pat Pemberton
|
0-0: Ball 1-0: Swinging Strike 1-1: SINGLE (Line Drive, 56D, EV 96.2 MPH) Dario Segura to second
|
|
Batting: SHB Tadaaki Kondo
|
0-0: Called Strike 0-1: Ball 1-1: Called Strike 1-2: Ball 2-2: Fly out, F8 (Flyball, 8RD, EV 111.2 MPH)
|
|
Batting: LHB Mike Schermerhorn
|
0-0: Ball 1-0: Ball 2-0: Foul Ball, location: 2F 2-1: Swinging Strike 2-2: Ball 3-2: Strikes out swinging
|
| Bottom of the 1st over - 0 runs, 2 hits, 0 errors, 2 left on base; Mahoning Valley 1 - Staten Island 0 |
| TOP OF THE 2ND |
|
Mahoning Valley Scrappers batting - Pitching for Staten Island Yankees : RHP Jake Bryant
|
|
Batting: RHB Jonathan Livingston
|
0-0: Called Strike 0-1: Foul Ball, location: 2F 0-2: Strikes out swinging
|
|
Batting: RHB Leo Villa
|
0-0: Ball 1-0: Ball 2-0: Fly out, F6 (Flyball, 6MD, EV 91.2 MPH)
|
|
Batting: RHB Juan Ordonez
|
0-0: Ground out 5-3 (Groundball, 5S, EV 66.9 MPH)
|
| Top of the 2nd over - 0 runs, 0 hits, 0 errors, 0 left on base; Mahoning Valley 1 - Staten Island 0 |
| BOTTOM OF THE 2ND |
|
Staten Island Yankees batting - Pitching for Mahoning Valley Scrappers : RHP Josh Hughes
|
|
Batting: SHB Adam Slade
|
0-0: Foul Ball, location: 2F 0-1: Foul Ball, location: 2F 0-2: Ball 1-2: Fly out, F7 (Line Drive, 7, EV 86.9 MPH)
|
|
Batting: LHB Danny de Leon
|
0-0: Ball 1-0: Ground out U3 (Groundball, 3, EV 83.8 MPH)
|
|
Batting: RHB Danny Ayala
|
0-0: Called Strike 0-1: Ball 1-1: Called Strike 1-2: Foul Ball, location: 2F 1-2: Ground out 1-3 (Groundball, 15S, EV 61.9 MPH)
|
| Bottom of the 2nd over - 0 runs, 0 hits, 0 errors, 0 left on base; Mahoning Valley 1 - Staten Island 0 |
| TOP OF THE 3RD |
|
Mahoning Valley Scrappers batting - Pitching for Staten Island Yankees : RHP Jake Bryant
|
|
Batting: RHB Aaron Stout
|
0-0: Ball 1-0: Foul Ball, location: 2F 1-1: DOUBLE (Flyball, 7LD, EV 91.2 MPH)
|
|
Batting: RHB Jose Argueta
|
0-0: Ball 1-0: Called Strike 1-1: Ground out U3 (Groundball, 34S, EV 86.9 MPH) Aaron Stout to third
|
|
Batting: RHB John Shaffer
|
0-0: Ball 1-0: Ball 2-0: Foul Ball, location: 2F 2-1: Foul Ball, location: 2F 2-2: Foul Ball, location: 2F 2-2: Ball 3-2: Strikes out looking
|
|
Batting: LHB Matt Steinke
|
0-0: Foul Ball, location: 2F 0-1: Ball 1-1: Swinging Strike 1-2: Strikes out swinging
|
| Top of the 3rd over - 0 runs, 1 hit, 0 errors, 1 left on base; Mahoning Valley 1 - Staten Island 0 |
| BOTTOM OF THE 3RD |
|
Staten Island Yankees batting - Pitching for Mahoning Valley Scrappers : RHP Josh Hughes
|
|
Batting: RHB Norimoto Miyanishi
|
0-0: Called Strike 0-1: Called Strike 0-2: Ball 1-2: Foul Ball, location: 2F 1-2: Foul Ball, location: 2F 1-2: Ball 2-2: Strikes out swinging
|
|
Batting: RHB Ben Jennings
|
0-0: Ball 1-0: Called Strike 1-1: Called Strike 1-2: Foul Ball, location: 2F 1-2: Ball 2-2: Ball 3-2: Strikes out swinging
|
|
Batting: LHB Dario Segura
|
0-0: Called Strike 0-1: Ground out 3-1 (Groundball, 34, EV 101.9 MPH)
|
| Bottom of the 3rd over - 0 runs, 0 hits, 0 errors, 0 left on base; Mahoning Valley 1 - Staten Island 0 |
| TOP OF THE 4TH |
|
Mahoning Valley Scrappers batting - Pitching for Staten Island Yankees : RHP Jake Bryant
|
|
Batting: LHB Dave Key
|
0-0: Ball 1-0: TRIPLE (Groundball, 5L, EV 96.2 MPH)
|
|
Batting: RHB Nick Gossman
|
0-0: Foul Ball, location: 2F 0-1: Swinging Strike 0-2: Ball 1-2: Strikes out looking
|
|
Batting: RHB Jonathan Livingston
|
0-0: Ball 1-0: Ball 2-0: Called Strike 2-1: Foul Ball, location: 2F 2-2: Strikes out swinging
|
|
Batting: RHB Leo Villa
|
0-0: Swinging Strike 0-1: Ball 1-1: Swinging Strike 1-2: Ball 2-2: Fly out, F4 (Popup, 34D, EV 50.0 MPH)
|
| Top of the 4th over - 0 runs, 1 hit, 0 errors, 1 left on base; Mahoning Valley 1 - Staten Island 0 |
| BOTTOM OF THE 4TH |
|
Staten Island Yankees batting - Pitching for Mahoning Valley Scrappers : RHP Josh Hughes
|
|
Batting: RHB Pat Pemberton
|
0-0: Foul Ball, location: 2F 0-1: Swinging Strike 0-2: Ball 1-2: Ball 2-2: Ball 3-2: SINGLE (Line Drive, 9S, EV 88.1 MPH)
|
|
Batting: SHB Tadaaki Kondo
|
0-0: Ball 1-0: Swinging Strike 1-1: Fly out, F8 (Flyball, 8RD, EV 90.6 MPH)
|
|
Batting: LHB Mike Schermerhorn
|
0-0: Called Strike 0-1: Called Strike 0-2: Ball 1-2: Fielders Choice at 2nd, 4-6 (Groundball, 4, EV 77.5 MPH)
|
|
Batting: SHB Adam Slade
|
0-0: Called Strike 0-1: SINGLE (Groundball, 13S, EV 76.9 MPH) (infield hit) Mike Schermerhorn to second
|
|
Batting: LHB Danny de Leon
|
0-0: Called Strike 0-1: Foul Ball, location: 2F 0-2: Strikes out looking
|
| Bottom of the 4th over - 0 runs, 2 hits, 0 errors, 2 left on base; Mahoning Valley 1 - Staten Island 0 |
| TOP OF THE 5TH |
|
Mahoning Valley Scrappers batting - Pitching for Staten Island Yankees : RHP Jake Bryant
|
|
Batting: RHB Juan Ordonez
|
0-0: Ball 1-0: DOUBLE (Flyball, 89D, EV 115.0 MPH)
|
|
Batting: RHB Aaron Stout
|
0-0: Ball 1-0: Ball 2-0: Ball 3-0: Base on Balls
|
|
Batting: RHB Jose Argueta
|
0-0: Called Strike Juan Ordonez steals 3rd base Aaron Stout to second 0-1: Swinging Strike 0-2: Ball 1-2: Ball Wild Pitch! Juan Ordonez scores Aaron Stout to third 2-2: Ball 3-2: Fly out, F8 (Flyball, 8LM, EV 94.4 MPH)
|
|
Pitching: LHP Jay Turpin
|
|
|
Batting: RHB John Shaffer
|
0-0: Called Strike 0-1: Ball 1-1: Swinging Strike 1-2: Strikes out looking
|
|
Pinch Hitting: RHB Leo Candelas
|
0-0: Ball 1-0: Foul Ball, location: 2F 1-1: Fly out, F9 (Flyball, 9S, EV 90.0 MPH)
|
| Top of the 5th over - 1 run, 1 hit, 0 errors, 1 left on base; Mahoning Valley 2 - Staten Island 0 |
| BOTTOM OF THE 5TH |
|
Staten Island Yankees batting - Pitching for Mahoning Valley Scrappers : RHP Josh Hughes
|
|
Now at 1B: Kevin Wiles
|
|
|
Batting: RHB Danny Ayala
|
0-0: Ball 1-0: Foul Ball, location: 2F 1-1: Ball 2-1: Foul Ball, location: 2F 2-2: Strikes out swinging, 2-3 out at first.
|
|
Batting: RHB Norimoto Miyanishi
|
0-0: Swinging Strike 0-1: Ball 1-1: Foul Ball, location: 2F 1-2: SINGLE (Flyball, 89M, EV 88.1 MPH)
|
|
Batting: RHB Ben Jennings
|
0-0: Called Strike 0-1: Ball 1-1: Ball 2-1: Ball 3-1: Base on Balls Norimoto Miyanishi to second
|
|
Batting: LHB Dario Segura
|
0-0: TRIPLE (Flyball, 89XD, EV 105.0 MPH) Norimoto Miyanishi scores Ben Jennings scores
|
|
Batting: RHB Pat Pemberton
|
0-0: Called Strike 0-1: Ball 1-1: 2-RUN HOME RUN (Flyball, 8LXD, EV 113.8 MPH), Distance : 456 ft
|
|
Batting: SHB Tadaaki Kondo
|
0-0: Ball 1-0: Foul Ball, location: 2F 1-1: Ball 2-1: SINGLE (Groundball, 3D, EV 95.6 MPH)
|
|
Batting: LHB Mike Schermerhorn
|
0-0: Ball 1-0: Ball 2-0: Foul Ball, location: 2F 2-1: Fly out, F8 (Flyball, 8LM, EV 90.6 MPH)
|
|
Batting: SHB Adam Slade
|
0-0: Called Strike 0-1: Foul Ball, location: 2F 0-2: Strikes out looking
|
| Bottom of the 5th over - 4 runs, 4 hits, 0 errors, 1 left on base; Mahoning Valley 2 - Staten Island 4 |
| TOP OF THE 6TH |
|
Mahoning Valley Scrappers batting - Pitching for Staten Island Yankees : LHP Jay Turpin
|
|
Batting: LHB Dave Key
|
0-0: Ball 1-0: Swinging Strike 1-1: Ball 2-1: Ball 3-1: Base on Balls
|
|
Batting: RHB Nick Gossman
|
0-0: Swinging Strike 0-1: Foul Ball, location: 2F 0-2: Ball Pickoff Throw to First - Out! 1-3 1-2: Foul Ball, location: 2F 1-2: Strikes out swinging
|
|
Batting: RHB Jonathan Livingston
|
0-0: Ball 1-0: Ground out 4-3 (Groundball, 4, EV 81.2 MPH)
|
| Top of the 6th over - 0 runs, 0 hits, 0 errors, 0 left on base; Mahoning Valley 2 - Staten Island 4 |
| BOTTOM OF THE 6TH |
|
Staten Island Yankees batting - Pitching for Mahoning Valley Scrappers : RHP Josh Hughes
|
|
Batting: LHB Danny de Leon
|
0-0: Fly out, F7 (Line Drive, 7S, EV 108.8 MPH)
|
|
Batting: RHB Danny Ayala
|
0-0: Called Strike 0-1: Ball 1-1: SINGLE (Groundball, 56D, EV 103.1 MPH)
|
|
Batting: RHB Norimoto Miyanishi
|
0-0: Foul Ball, location: 2F 0-1: Called Strike 0-2: Ball 1-2: Ball 2-2: Ball Wild Pitch! Danny Ayala to second 3-2: DOUBLE (Flyball, 89XD, EV 109.4 MPH) Danny Ayala scores
|
|
Pitching: RHP Bill Snyder
|
|
|
Batting: RHB Ben Jennings
|
0-0: Ball 1-0: Ball 2-0: Fly out, F7 (Flyball, 7, EV 88.8 MPH)
|
|
Batting: LHB Dario Segura
|
0-0: Called Strike 0-1: Ball 1-1: Foul Ball, location: 2F 1-2: DOUBLE (Flyball, 8LXD, EV 103.1 MPH) Norimoto Miyanishi scores
|
|
Batting: RHB Pat Pemberton
|
0-0: Ball 1-0: Foul Ball, location: 2F 1-1: Ball 2-1: Swinging Strike 2-2: Foul Ball, location: 2F 2-2: Ball 3-2: Strikes out swinging
|
| Bottom of the 6th over - 2 runs, 3 hits, 0 errors, 1 left on base; Mahoning Valley 2 - Staten Island 6 |
| TOP OF THE 7TH |
|
Mahoning Valley Scrappers batting - Pitching for Staten Island Yankees : LHP Jay Turpin
|
|
Batting: RHB Leo Villa
|
0-0: Ball 1-0: Swinging Strike 1-1: Foul Ball, location: 2F 1-2: Foul Ball, location: 2F 1-2: Strikes out swinging
|
|
Batting: RHB Juan Ordonez
|
0-0: Called Strike 0-1: Swinging Strike 0-2: Foul Ball, location: 2F 0-2: Strikes out swinging
|
|
Batting: RHB Aaron Stout
|
0-0: Called Strike 0-1: Foul Ball, location: 2F 0-2: Strikes out swinging
|
| Top of the 7th over - 0 runs, 0 hits, 0 errors, 0 left on base; Mahoning Valley 2 - Staten Island 6 |
| BOTTOM OF THE 7TH |
|
Staten Island Yankees batting - Pitching for Mahoning Valley Scrappers : RHP Bill Snyder
|
|
Batting: SHB Tadaaki Kondo
|
0-0: Foul Ball, location: 2F 0-1: Ball 1-1: Ball 2-1: Foul Ball, location: 2F 2-2: Ball 3-2: Strikes out swinging
|
|
Batting: LHB Mike Schermerhorn
|
0-0: Ground out 5-3 (Groundball, 56S, EV 68.8 MPH)
|
|
Batting: SHB Adam Slade
|
0-0: Called Strike 0-1: Ground out U3 (Groundball, 23, EV 81.9 MPH)
|
| Bottom of the 7th over - 0 runs, 0 hits, 0 errors, 0 left on base; Mahoning Valley 2 - Staten Island 6 |
| TOP OF THE 8TH |
|
Mahoning Valley Scrappers batting - Pitching for Staten Island Yankees : LHP Jay Turpin
|
|
Batting: RHB Jose Argueta
|
0-0: Swinging Strike 0-1: Foul Ball, location: 2F 0-2: Ball 1-2: Strikes out swinging
|
|
Batting: RHB John Shaffer
|
0-0: Ball 1-0: Ball 2-0: Ball 3-0: Base on Balls
|
|
Batting: RHB Kevin Wiles
|
0-0: Called Strike 0-1: Ball 1-1: Ball 2-1: Ball 3-1: Ground out 5-3 (Groundball, 56S, EV 65.6 MPH) John Shaffer to second
|
|
Pitching: RHP Johnny Marquez
|
|
|
Batting: LHB Dave Key
|
0-0: Swinging Strike 0-1: Ball 1-1: Foul Ball, location: 2F 1-2: Strikes out swinging
|
| Top of the 8th over - 0 runs, 0 hits, 0 errors, 1 left on base; Mahoning Valley 2 - Staten Island 6 |
| BOTTOM OF THE 8TH |
|
Staten Island Yankees batting - Pitching for Mahoning Valley Scrappers : RHP Bill Snyder
|
|
Batting: LHB Danny de Leon
|
0-0: Ball 1-0: Ball 2-0: Ball 3-0: Called Strike 3-1: Foul Ball, location: 2F 3-2: DOUBLE (Flyball, 8LD, EV 107.5 MPH)
|
|
Batting: RHB Danny Ayala
|
0-0: Called Strike 0-1: Ball 1-1: 2-RUN HOME RUN (Flyball, 89XD, EV 103.1 MPH), Distance : 414 ft
|
|
Batting: RHB Norimoto Miyanishi
|
0-0: Ball 1-0: Fly out, F4 (Line Drive, 4, EV 76.9 MPH)
|
|
Batting: RHB Ben Jennings
|
0-0: Foul Ball, location: 2F 0-1: Fly out, F9 (Flyball, 9LSF, EV 89.4 MPH)
|
|
Batting: LHB Dario Segura
|
0-0: Ball 1-0: Foul Ball, location: 2F 1-1: Foul Ball, location: 2F 1-2: Ball 2-2: Strikes out swinging
|
| Bottom of the 8th over - 2 runs, 2 hits, 0 errors, 0 left on base; Mahoning Valley 2 - Staten Island 8 |
| TOP OF THE 9TH |
|
Mahoning Valley Scrappers batting - Pitching for Staten Island Yankees : RHP Johnny Marquez
|
|
Batting: RHB Nick Gossman
|
0-0: Ball 1-0: Ball 2-0: Ground out 5-3 (Groundball, 56, EV 84.4 MPH)
|
|
Batting: RHB Jonathan Livingston
|
0-0: Swinging Strike 0-1: Swinging Strike 0-2: Ball 1-2: Strikes out looking
|
|
Batting: RHB Leo Villa
|
0-0: Ball 1-0: Ball 2-0: Fly out, F8 (Line Drive, 78M, EV 100.0 MPH)
|
| Top of the 9th over - 0 runs, 0 hits, 0 errors, 0 left on base; Mahoning Valley 2 - Staten Island 8 |
|